 Dungeon Crawl Stone Soup version 0.21.1-1-g345015fe64 (webtiles) character file.

585 PikkenKukken the Skirmisher (level 7, -9/56 HPs)
             Began as a Demonspawn Abyssal Knight on June 22, 2018.
             Was a Believer of Lugonu.
             Mangled by Zasran's ghost (15 damage)
             ... on level 5 of the Dungeon.
             The game lasted 00:13:23 (4836 turns).

PikkenKukken the Skirmisher (DsAK)                  Turns: 4836, Time: 00:13:23

Health: -9/56      AC: 18    Str: 22    XL:     7   Next: 15%
Magic:  8/8        EV: 12    Int: 14    God:    Lugonu [**....]
Gold:   181        SH:  0    Dex: 26    Spells: 6/6 levels left

rFire    . . .     SeeInvis .   a - +2 falchion
rCold    + . .     Gourm    .   (no shield)
rNeg     + . .     Faith    .   t - +1 plate armour of Tenacity {rPois rC+ Str-3 Dex+8} (curse)
rPois    +         Spirit   .   (no helmet)
rElec    .         Reflect  .   q - +0 cloak
rCorr    .         Harm     .   i - +0 pair of gloves
MR       .....                  p - +0 pair of boots
Stlth    ..........             (no amulet)
HPRegen  0.18/turn              b - ring of positive energy
MPRegen  0.11/turn              r - +5 ring of strength

@: mighty, agile
A: thin metallic scales 1, poison resistance, powered by pain 2, strong 1
a: Depart the Abyss, Bend Space, Renounce Religion


You were on level 5 of the Dungeon.
You worshipped Lugonu.
Lugonu was pleased with you.
You were not hungry.

You visited 1 branch of the dungeon, and saw 5 of its levels.
You visited the Abyss 1 time.

You collected 181 gold pieces.

Inventory:

Hand Weapons
 a - a +2 falchion (weapon)
Missiles
 d - 23 bolts
Armour
 i - a +0 pair of gloves (worn)
 j - a +0 ring mail
 p - a +0 pair of boots (worn)
 q - a +0 cloak (worn)
 t - the cursed +1 plate armour of Tenacity (worn) {rPois rC+ Str-3 Dex+8}
   (You found it on level 4 of the Dungeon)

   It affects your strength (-3).
   It affects your dexterity (+8).
   It protects you from cold.
   It protects you from poison.
   It has a curse placed upon it.
Jewellery
 b - a ring of positive energy (left hand)
 r - a +5 ring of strength (right hand)
Wands
 n - a wand of paralysis (8)
Scrolls
 f - 2 scrolls of enchant weapon
 h - 7 scrolls of remove curse
 m - a scroll of blinking
 o - a scroll of enchant armour
 u - a scroll of fear
 v - a scroll of teleportation
 w - a scroll of identify
Potions
 e - 3 potions of curing
 g - a potion of mutation
 l - 3 potions of haste
 s - a potion of flight
Books
 k - a book of Changes

   Spells                             Type                      Level
   a - Beastly Appendage              Transmutation                1
   b - Sticks to Snakes               Transmutation                2
   c - Spider Form                    Transmutation/Poison         3
   d - Ice Form                       Ice/Transmutation            4
   e - Blade Hands                    Transmutation                5
Comestibles
 c - 5 rations


   Skills:
 - Level 5.1 Fighting
 + Level 4.9 Long Blades
 + Level 3.8 Armour
 - Level 0.8 Dodging
 - Level 2.4 Invocations


You had 6 spell levels left.
You didn't know any spells.

Dungeon Overview and Level Annotations

Branches:
Dungeon (5/15)
 Temple: D:4-7

Altars:
Gozag

Shops:
D:3 *   D:4 *[

Annotations:
D:5 Zasran's ghost, novice HOFi


Innate Abilities, Weirdness & Mutations

You are partially covered in thin metallic scales. (AC +2)
You sometimes gain power by taking damage.
Your system is resistant to poisons. (rPois)
Your muscles are strong. (Str +2)


Message History

Zasran's ghost is heavily damaged.
Zasran's ghost hits you.
You barely miss Zasran's ghost.
Zasran's ghost is heavily damaged.
Zasran's ghost hits you but does no damage.
You barely miss Zasran's ghost.
Zasran's ghost is heavily damaged.
Zasran's ghost hits you!
You focus on the pain.
You feel mightier all of a sudden.
You hit Zasran's ghost.
Zasran's ghost is heavily damaged.
Zasran's ghost hits you but does no damage. x2
You slash Zasran's ghost!
Zasran's ghost is severely damaged.
Zasran's ghost hits you!
* * * LOW HITPOINT WARNING * * *
You focus on the pain.
You feel agile all of a sudden. Zasran's ghost hits you!
You die...

#..........#
######.....#
#....#....<#
#....#.....#
#....#....W#
#....#.....#
#.........S#
#....#####.#
###....#..@#.#
#........W...#
#.......######
#..............
#.......#######
#.......#
#.......#
#.......#
#.......#


You could see Zasran's ghost.

Vanquished Creatures
  An ice beast (D:4)
  A centaur (D:4)
  A howler monkey (D:2)
  A crimson imp (D:5)
  A hound (D:5)
  An orc wizard (D:4)
  Ijyb (D:2)
  Natasha (thrice) (D:2)
  A worker ant (D:4)
  8 adders
  A shadow imp (D:4)
  An ooze (D:1)
  A worm (D:4)
  3 dart slugs (D:1)
  11 orcs
  7 giant cockroaches
  4 goblins
  6 hobgoblins
  3 kobolds
  A quokka (D:2)
  4 bats
  5 frilled lizards
  A quokka skeleton (D:4)
  3 rats
70 creatures vanquished.

Notes
Turn   | Place    | Note
-------+----------+-------------------------------------------
     0 | Abyss:1  | PikkenKukken the Demonspawn Abyssal Knight began the quest for the Orb.
     0 | Abyss:1  | Reached XP level 1. HP: 18/18 MP: 2/2
    95 | Abyss:1  | Noticed a small abomination
    95 | D:1      | Escaped the Abyss
   147 | D:1      | Gained mutation: You sometimes gain a little power by taking damage. [demonic ancestry]
   147 | D:1      | Reached XP level 2. HP: 13/24 MP: 3/3
   500 | D:1      | Gained mutation: Your system is resistant to poisons. (rPois) [potion of mutation]
   500 | D:1      | Gained mutation: Your muscles are strong. (Str +2) [potion of mutation]
   543 | D:1      | Reached * piety under Lugonu
   978 | D:2      | Gained mutation: You sometimes gain power by taking damage. [demonic ancestry]
   978 | D:2      | Reached XP level 3. HP: 29/29 MP: 4/4
  1336 | D:2      | Noticed Natasha
  1344 | D:2      | Killed Natasha
  1344 | D:2      | Reached skill level 4 in Fighting
  1552 | D:2      | Noticed Natasha
  1562 | D:2      | Reached XP level 4. HP: 5/38 MP: 5/5
  1563 | D:2      | Killed Natasha
  1578 | D:2      | Noticed Natasha
  1912 | D:2      | Killed Natasha
  1912 | D:2      | Reached skill level 5 in Fighting
  2245 | D:3      | Gained mutation: You are partially covered in thin metallic scales. (AC +2) [demonic ancestry]
  2245 | D:3      | Reached XP level 5. HP: 44/44 MP: 6/6
  2478 | D:3      | Noticed Ijyb
  2513 | D:2      | Killed Ijyb
  3048 | D:3      | Found an opulent altar of Gozag.
  3059 | D:3      | Found Gozag's Platinum Reserve.
  3266 | D:4      | Noticed an ice beast
  3283 | D:4      | Killed an ice beast
  3283 | D:4      | Reached XP level 6. HP: 51/51 MP: 7/7
  3320 | D:4      | Got a translucent plate armour
  3331 | D:4      | Identified the cursed +1 plate armour of Tenacity {rPois rC+ Str-3 Dex+8} (You found it on level 4 of the Dungeon)
  3335 | D:4      | Found Eroib's General Store.
  3356 | D:4      | Reached ** piety under Lugonu
  4163 | D:4      | Found Wieth's Armour Emporium.
  4419 | D:5      | Entered Level 5 of the Dungeon
  4452 | D:5      | Reached XP level 7. HP: 52/56 MP: 8/8
  4535 | D:5      | Noticed Zasran's ghost (novice HOFi)
  4836 | D:5      | Mangled by Zasran's ghost

Skill      XL: |  1  2  3  4  5  6 |
---------------+-------------------+-----
Armour         | 2 3 |  3.8
Long Blades    | 2 3 4 |  4.9
Fighting       | 4 5 |  5.1
Dodging        | |  0.8
Invocations    | |  2.4

Action                   |  1- 3 |  4- 6 |  7- 9 || total
-------------------------+-------+-------+-------++-------
Melee: Falchion          |    66 |   165 |    36 ||   267
Invok: Depart the Abyss  |     1 |       |       ||     1
  Use: Scroll            |     9 |     4 |       ||    13
       Potion            |     6 |     1 |       ||     7
 Stab: Sleeping          |     1 |       |       ||     1
  Eat: Chunk             |     1 |    10 |     1 ||    12
       Ration            |       |       |     1 ||     1
Armor: Leather armour    |    12 |       |       ||    12
       Ring mail         |    10 |    50 |       ||    60
       Plate armour      |       |    53 |    16 ||    69
Dodge: Dodged            |    57 |    67 |    11 ||   135
       Rpst.: Falchion   |    19 |    21 |     5 ||    45
